 Dungeon Crawl Stone Soup version 0.27.1-4-g1640c2035a (webtiles) character file.

Game seed: 13512465451205180844

75 zeram the Sneak (level 4, -5/27 HPs)
             Began as an Octopode Enchanter on Nov 13, 2021.
             Was an Initiate of Gozag.
             Killed from afar by an orc wizard (9 damage)
             ... with a magic dart
             ... on level 3 of the Dungeon.
             The game lasted 00:06:21 (3436 turns).

zeram the Sneak (Octopode Enchanter)                Turns: 3436, Time: 00:06:23

Health: -5/27      AC:  1    Str:  7    XL:     4   Next: 31%
Magic:  7/7        EV: 13    Int: 18    God:    Gozag
Gold:   113        SH:  0    Dex: 12    Spells: 1/7 levels left

rFire    . . .     SeeInvis .   a - +1 dagger
rCold    + . .     Faith    .   (no shield)
rNeg     . . .     Spirit   .   (helmet restricted)
rPois    .         Reflect  .   (no amulet)
rElec    .         Harm     .   e - ring of protection from cold
rCorr    .         Rampage  .   (no ring)
Will     .....                  (no ring)
Stlth    ++++......             (no ring)
HPRegen  0.09/turn              (no ring)
MPRegen  0.10/turn              (no ring)
                                (no ring)
                                (no ring)

@: no status effects
A: almost no armour, amphibious, 8 rings, camouflage 1, gelatinous body 1,
(nimble swimmer 1), tentacles
a: Renounce Religion, Potion Petition, Call Merchant, Bribe Branch


You were on level 3 of the Dungeon.
You worshipped Gozag.
Gozag was aware of your devotion.
You visited 1 branch of the dungeon, and saw 3 of its levels.

You collected 158 gold pieces.
You paid 45 gold pieces to Gozag.

Inventory:

Hand Weapons
 a - a +1 dagger (weapon)
Jewellery
 e - a ring of protection from cold (left tentacle)
Scrolls
 b - 4 scrolls of identify {unknown}
 c - a scroll of blinking {unknown}
 d - a scroll of immolation {unknown}
 f - a scroll of vulnerability {unknown}
 i - a scroll of magic mapping {unknown}
 j - a scroll of fear {unknown}
Potions
 g - a potion of haste {unknown}
 h - a potion of attraction {unknown}


   Skills:
 - Level 1.0 Short Blades
 - Level 2.0 Dodging
 + Level 6.2 Stealth
 - Level 2.0 Spellcasting
 + Level 3.8 Hexes


You had one spell level left.
You knew the following spells:

 Your Spells              Type           Power      Damage    Failure   Level
a - Corona                Hex            16%        N/A       3%          1
b - Ensorcelled Hibernat  Hex/Ice        16%        N/A       13%         2
c - Tukima's Dance        Hex            15%        N/A       12%         3

Your spell library contained the following spells:

 Spells                   Type           Power      Damage    Failure   Level
 Confusing Touch          Hex            15%        N/A       12%         3
 Dazzling Flash           Conj/Hex       16%        N/A       26%         3
 Stone Arrow              Conj/Erth      2%         3d7       47%         3
 Lehudib's Crystal Spear  Conj/Erth      0%         10d2      100%        8
 Animate Armour           Summ/Erth      Unusable   N/A       N/A         4

Dungeon Overview and Level Annotations

Branches:
Dungeon (3/15)

Altars:
Ashenzari
Elyvilon
Gozag
Trog

Shops:
D:3 [


Innate Abilities, Weirdness & Mutations

You cannot wear most types of armour.
You are amphibious.
You can wear up to eight rings at the same time.
Your skin changes colour to match your surroundings (Stealth+).
Your rubbery body absorbs attacks. (AC +1, EV +1)
((You are camouflaged near water. (Stealth+)))
You have tentacles for arms and can constrict up to eight enemies at once.


Message History

You hit the worm. You squeeze the worm.
You kill the worm!
Found 17 gold pieces.
Unknown command.
There is an opulent altar of Gozag here.
You curl up in front of the altar of Gozag.
Gozag welcomes you!
You pay a service fee of 45 gold.
You now have 103 gold pieces (gained 17).
There is an opulent altar of Gozag here.
Found 10 gold pieces.
You now have 113 gold pieces (gained 10).
A kobold comes into view. It is wielding a +0 whip.
The kobold shouts!
You hear a shout! x2
A kobold is nearby!
A kobold is nearby!
A kobold is nearby!
A kobold is nearby!
An orc wizard comes into view. It is wielding a +0 dagger.
An orc and an orc priest come into view.
An orc priest comes into view. It is wielding a +0 short sword.
The kobold throws a stone.
The stone completely misses you.
The orc priest shouts!
The orc priest shouts!
You hit the orc wizard but do no damage.
You grab the orc wizard. You squeeze the orc wizard.
The orc wizard is lightly wounded.
You constrict the orc wizard.
The orc priest invokes the aid of Beogh against you.
Beogh smites you!
Ouch! That really hurt!
The kobold closely misses you. The orc wizard misses you.
You release your grip on the orc wizard.
The orc priest mumbles some strange prayers to Beogh against you.
Beogh smites you!
* * * LOW HITPOINT WARNING * * *
The orc wizard gestures at you while chanting.
The magic dart hits you!
You die...
Your body crumbles into a pile of gold.

......<#.....#.##.##.......
.......#.#.###.##..#.......
.......#.._..#.###.#.......
.......###.#.### #.#.......
.......#.....# #.#.......
###.### #......... #.#.#
##........ ####.#.#
#........ ###....#@#
#.##.##.. ......o.K#
#..#.##.# ......o..#
##.#.#### ...o.....#
#...#...
..........#.#######..#.##
.......##.#.......#..#.##
....... .#######.##.#.##
#...... .# #....#.##
#...... ## ####.#.##


You could see 2 orc priests, an orc wizard and a kobold.

Vanquished Creatures
  An adder (D:2)
  4 worms
  A dart slug (D:2)
  3 bats
  4 endoplasms
  4 giant cockroaches
  8 goblins
  4 hobgoblins
  3 quokkas
  4 ball pythons
  5 frilled lizards
  4 kobolds
  5 rats
50 creatures vanquished.

Vanquished Creatures (others)
  A plant (D:3)
1 creature vanquished.

Grand Total: 51 creatures vanquished

Notes
Turn   | Place    | Note
-------+----------+-------------------------------------------
     0 | D:1      | zeram the Octopode Enchanter began the quest for the Orb.
     0 | D:1      | Reached XP level 1. HP: 11/11 MP: 3/3
   215 | D:1      | Reached XP level 2. HP: 17/17 MP: 5/5
  1262 | D:2      | Reached skill level 5 in Stealth
  1262 | D:2      | Reached XP level 3. HP: 11/21 MP: 6/6
  1268 | D:2      | Learned a level 2 spell: Ensorcelled Hibernation
  1272 | D:2      | Learned a level 3 spell: Tukima's Dance
  1702 | D:2      | Found a bloodstained altar of Trog.
  2363 | D:3      | Found Qeifuo Vueng's Antique Armour Emporium.
  2503 | D:3      | Found a white marble altar of Elyvilon.
  2509 | D:3      | Reached XP level 4. HP: 27/27 MP: 7/7
  2618 | D:3      | Found a broken altar of Ashenzari.
  2902 | D:3      | Reached skill level 6 in Stealth
  3155 | D:3      | Found an opulent altar of Gozag.
  3174 | D:3      | Became a worshipper of Gozag Ym Sagoz the Greedy
  3436 | D:3      | Killed from afar by an orc wizard

Illustrated notes

Levels and vault maps discovered:
D:1:      beargit_arrival_greenhouse, layout_loops_corners, serial_forest,
          infiniplex_forest_corner_1, infiniplex_forest_clump_small,
          infiniplex_forest_diagonal, infiniplex_forest_zigzag_1,
          infiniplex_forest_lined_2, infiniplex_forest_clump_diagonal,
          infiniplex_forest_pool, infiniplex_forest_straight_5
D:2:      layout_basic, basic_altar
D:3:      layout_basic, nicolae_gozag_cash_rules_everything_around_me,
          elyvilon_altar_5, lemuel_tele_altar, serial_shops,
          nicolae_square_shop, shapermc_ecumenical_altar_acropolis

Skill      XL: |  1  2  3  4 |
---------------+-------------+-----
Stealth        | 5 6 |  6.2
Short Blades   | |  1.0
Dodging        | |  2.0
Spellcasting   | |  2.0
Hexes          | |  3.8

Action                   |  1- 3 |  4- 6 || total
-------------------------+-------+-------++-------
Melee: Dagger            |    69 |    30 ||    99
       Constrict         |    13 |     8 ||    21
       Tentacles         |     9 |     6 ||    15
 Cast: Ensorcelled Hiber |     2 |     3 ||     5
 Stab: Sleeping          |    23 |     5 ||    28
Armor: Skin              |     3 |     1 ||     4
Dodge: Dodged            |    23 |    22 ||    45
